 Dungeon Crawl Stone Soup version 0.21.1-1-g345015f (webtiles) character file.

364 tidbits the Chiller (level 6, 23/44 HPs)
             Began as a Gnoll Ice Elementalist on Apr 2, 2018.
             Quit the game on level 3 of the Dungeon.
             The game lasted 00:06:19 (892 turns).

tidbits the Chiller (Gnoll Ice Elementalist)         Turns: 892, Time: 00:06:19

Health: 23/44      AC:  3    Str: 10    XL:     6   Next: 67%
Magic:  14/14      EV: 15    Int: 19    God:
Gold:   119        SH:  0    Dex: 16    Spells: 9/15 levels left

rFire    . . .     SeeInvis .   a - +0 dagger
rCold    . . .     Gourm    .   (no shield)
rNeg     . . .     Faith    .   d - +0 robe
rPois    .         Spirit   .   (no helmet)
rElec    .         Reflect  .   (no cloak)
rCorr    .         Harm     .   G - +0 pair of gloves
MR       .....                  (no boots)
Stlth    +.........             (no amulet)
HPRegen  0.14/turn              (no ring)
MPRegen  0.14/turn              (no ring)

@: confused
A: distributed training, fangs 1, strong nose
a: no special abilities


You were on level 3 of the Dungeon.
You were not hungry.

You visited 1 branch of the dungeon, and saw 4 of its levels.

You collected 119 gold pieces.

Inventory:

Hand Weapons
 a - a +0 dagger (weapon)
 h - a +0 scythe
 j - a +0 hunting sling
 o - a +0 war axe
Missiles
 g - 53 arrows
 k - 17 stones (quivered)
 p - a throwing net {!f}
Armour
 d - a +0 robe (worn)
 G - a +0 pair of gloves (worn)
Scrolls
 f - a scroll of amnesia {unknown}
 l - a scroll of identify {unknown}
 m - a scroll of remove curse {unknown}
 q - a scroll of teleportation {unknown}
Potions
 i - a potion of invisibility {unknown}
 n - a potion of might {unknown}
Books
 b - a book of Frost

   Spells                             Type                      Level
   a - Freeze                         Ice                          1
   b - Throw Frost                    Conjuration/Ice              2
   c - Ozocubu's Armour               Charms/Ice                   3
   d - Throw Icicle                   Conjuration/Ice              4
   e - Summon Ice Beast               Ice/Summoning                4
Comestibles
 c - 5 rations


   Skills:
 + Level 2.0 Fighting
 + Level 2.0 Short Blades
 + Level 2.0 Long Blades
 + Level 2.0 Axes
 + Level 2.0 Maces & Flails
 + Level 2.0 Polearms
 + Level 2.0 Staves
 + Level 2.0 Slings
 + Level 2.0 Bows
 + Level 2.0 Crossbows
 + Level 2.0 Throwing
 + Level 2.0 Armour
 + Level 5.0 Dodging
 + Level 4.6 Stealth
 + Level 2.0 Shields
 + Level 2.0 Unarmed Combat
 + Level 5.4 Spellcasting
 + Level 2.6 Conjurations
 + Level 1.6 Hexes
 + Level 1.6 Charms
 + Level 1.6 Summonings
 + Level 1.6 Necromancy
 + Level 1.6 Translocations
 + Level 1.6 Transmutations
 + Level 1.6 Fire Magic
 + Level 5.7 Ice Magic
 + Level 1.6 Air Magic
 + Level 1.6 Earth Magic
 + Level 1.6 Poison Magic
 + Level 2.2 Invocations
 + Level 2.0 Evocations


You had 9 spell levels left.
You knew the following spells:

 Your Spells              Type           Power        Failure   Level  Hunger
a - Freeze                Ice            ####         1%          1    None
j - Throw Frost           Conj/Ice       ###...       3%          2    None
o - Ozocubu's Armour      Chrm/Ice       ###.....     8%          3    ##.....


Dungeon Overview and Level Annotations

Branches:
Dungeon (4/15)
 Temple: D:4-7

Altars:
Ashenzari
Okawaru
Xom


Innate Abilities, Weirdness & Mutations

Your experience applies equally to all skills.
You have very sharp teeth.
Your uncanny sense of smell can sniff out nearby items.


Message History

Press: ? - help, Shift-Dir - straight line, f - orc
Aim: an orc, wielding a club (heavily wounded)
You freeze the orc.
You kill the orc!
A rat and an orc come into view.
Casting: Freeze
Confirm with . or Enter, or press ? or * to list all spells.
Aiming: Freeze
Press: ? - help, Shift-Dir - straight line, f - orc
Aim: an orc, wielding a hand axe and wearing a leather armour You freeze the orc.
You kill the orc!
Casting: Freeze
Confirm with . or Enter, or press ? or * to list all spells.
Aiming: Freeze
Press: ? - help, Shift-Dir - straight line, f - orc
Aim: an orc, wielding a short sword You freeze the orc.
The orc is moderately wounded.
The orc barely misses you.
Casting: Freeze
Confirm with . or Enter, or press ? or * to list all spells.
Aiming: Freeze
Press: ? - help, Shift-Dir - straight line, f/p - orc
Aim: an orc, wielding a short sword (moderately wounded)
You freeze the orc.
You kill the orc!
Casting: Freeze
Confirm with . or Enter, or press ? or * to list all spells.
Aiming: Freeze
Press: ? - help, Shift-Dir - straight line, f - rat
Aim: a rat You freeze the rat.
You kill the rat!
Items here: ))) [ ††
Okay, then.
Found a trident.
Unknown command.
Things that are here:
a trident; 10 gold pieces You now have 97 gold pieces (gained 10).
You hear the rapid rusting of a distant drain.
You open the door.
There is an open door here.
An adder comes into view.
The adder hisses angrily.
The adder closely misses you. x2
You closely miss the adder. The adder misses you.
Casting: Freeze
Confirm with . or Enter, or press ? or * to list all spells.
Aiming: Freeze
Press: ? - help, Shift-Dir - straight line, f - adder
Aim: an adder You freeze the adder.
The adder seems to slow down.
The adder is almost dead.
The adder completely misses you.
Casting: Freeze
Confirm with . or Enter, or press ? or * to list all spells.
Aiming: Freeze
Press: ? - help, Shift-Dir - straight line, f/p - adder
Aim: an adder (almost dead, slow)
You freeze the adder.
You kill the adder!
You open the door.
There is an open door here.
You hear the rapid rusting of a distant drain.
Found 19 arrows.
You see here 19 arrows.
g - 53 arrows (gained 19)
Found 10 gold pieces.
You hear the drain falling apart.
You see here 10 gold pieces.
You now have 107 gold pieces (gained 10).
The walls and floor vibrate strangely for a moment.
Found a ration.
Found 12 gold pieces.
Unknown command.
You see here a ration.
c - 5 rations (gained 1)
A worm comes into view.
You see here 12 gold pieces.
You now have 119 gold pieces (gained 12).
You enter the shallow water.
Moving in this stuff is going to be slow.
A worm comes into view.
The worm bites you! The worm bites you!
There is a collapsed entrance here.
You can't go down here!
Unknown command.
You can't go up here!
You can't go down here!
You hit the worm but do no damage.
Unknown command.
Unknown command.
It was a potion of ambrosia.
You are confused.
You feel invigorated. The worm bites you.
Unknown command.
Are you sure you want to abandon this character and quit the game? (Confirm with "yes".)

##### ##
#.≈.#####≈≈#
#..≈≈≈≈≈≈≈..
#≈≈w≈≈≈≈≈...
#≈w@####...#######
#≈≈##............###
#≈≈#...##.# #....
#≈≈#...... ####.##.
###≈≈#.####..
..#.### ##≈≈...# #.
#.#.# # ##≈....#
#.##.#.#
###...#######......#
#..............### #


You could see 2 worms.

Vanquished Creatures
  Sigmund (D:2)
  A howler monkey (D:4)
  An orc priest (D:3)
  A worker ant (D:4)
  7 adders
  2 worms (D:2)
  A leopard gecko (D:2)
  3 orcs (D:3)
  2 bats (D:2)
  2 giant cockroaches
  7 goblins
  6 hobgoblins
  7 kobolds
  A quokka (D:2)
  4 frilled lizards
  4 rats
50 creatures vanquished.

Notes
Turn   | Place    | Note
-------+----------+-------------------------------------------
     0 | D:1      | tidbits the Gnoll Ice Elementalist began the quest for the Orb.
     0 | D:1      | Reached XP level 1. HP: 13/13 MP: 6/6
    21 | D:1      | Reached skill level 2 in Conjurations
    41 | D:1      | Reached XP level 2. HP: 19/19 MP: 4/7
    45 | D:1      | Learned a level 2 spell: Throw Frost
   179 | D:2      | Reached XP level 3. HP: 17/25 MP: 1/9
   185 | D:2      | Reached skill level 5 in Spellcasting
   190 | D:2      | Learned a level 3 spell: Ozocubu's Armour
   222 | D:2      | Found an iron altar of Okawaru.
   222 | D:2      | Found a shattered altar of Ashenzari.
   244 | D:2      | Noticed Sigmund
   250 | D:2      | Killed Sigmund
   250 | D:2      | Reached skill level 1 in Fighting
   250 | D:2      | Reached skill level 1 in Short Blades
   250 | D:2      | Reached skill level 1 in Long Blades
   250 | D:2      | Reached skill level 1 in Axes
   250 | D:2      | Reached skill level 1 in Maces & Flails
   250 | D:2      | Reached skill level 1 in Polearms
   250 | D:2      | Reached skill level 1 in Staves
   250 | D:2      | Reached skill level 1 in Slings
   250 | D:2      | Reached skill level 1 in Bows
   250 | D:2      | Reached skill level 1 in Crossbows
   250 | D:2      | Reached skill level 1 in Throwing
   250 | D:2      | Reached skill level 1 in Armour
   250 | D:2      | Reached skill level 1 in Shields
   250 | D:2      | Reached skill level 1 in Unarmed Combat
   250 | D:2      | Reached skill level 1 in Hexes
   250 | D:2      | Reached skill level 1 in Charms
   250 | D:2      | Reached skill level 1 in Summonings
   250 | D:2      | Reached skill level 1 in Necromancy
   250 | D:2      | Reached skill level 1 in Translocations
   250 | D:2      | Reached skill level 1 in Transmutations
   250 | D:2      | Reached skill level 1 in Fire Magic
   250 | D:2      | Reached skill level 1 in Air Magic
   250 | D:2      | Reached skill level 1 in Earth Magic
   250 | D:2      | Reached skill level 1 in Poison Magic
   250 | D:2      | Reached skill level 1 in Invocations
   250 | D:2      | Reached skill level 1 in Evocations
   250 | D:2      | Reached XP level 4. HP: 5/32 MP: 7/11
   250 | D:2      | Reached XP level 5. HP: 6/37 MP: 7/12
   407 | D:2      | Reached XP level 6. HP: 24/44 MP: 5/13
   441 | D:2      | Reached skill level 2 in Invocations
   701 | D:3      | Found a shimmering altar of Xom.
   716 | D:3      | Reached skill level 5 in Dodging
   788 | D:3      | Reached skill level 2 in Fighting
   788 | D:3      | Reached skill level 2 in Short Blades
   788 | D:3      | Reached skill level 2 in Long Blades
   788 | D:3      | Reached skill level 2 in Axes
   788 | D:3      | Reached skill level 2 in Maces & Flails
   788 | D:3      | Reached skill level 2 in Polearms
   788 | D:3      | Reached skill level 2 in Staves
   788 | D:3      | Reached skill level 2 in Slings
   788 | D:3      | Reached skill level 2 in Bows
   788 | D:3      | Reached skill level 2 in Crossbows
   788 | D:3      | Reached skill level 2 in Throwing
   788 | D:3      | Reached skill level 2 in Armour
   788 | D:3      | Reached skill level 2 in Shields
   788 | D:3      | Reached skill level 2 in Unarmed Combat
   788 | D:3      | Reached skill level 2 in Evocations
   892 | D:3      | Quit the game

Skill      XL: |  1  2  3  4  5  6 |
---------------+-------------------+-----
Conjurations   | 2 |  2.6
Spellcasting   | 5 |  5.4
Fighting       | 1 2 |  2.0
Short Blades   | 1 2 |  2.0
Long Blades    | 1 2 |  2.0
Axes           | 1 2 |  2.0
Maces & Flails | 1 2 |  2.0
Polearms       | 1 2 |  2.0
Staves         | 1 2 |  2.0
Slings         | 1 2 |  2.0
Bows           | 1 2 |  2.0
Crossbows      | 1 2 |  2.0
Throwing       | 1 2 |  2.0
Armour         | 1 2 |  2.0
Shields        | 1 2 |  2.0
Unarmed Combat | 1 2 |  2.0
Hexes          | 1 |  1.6
Charms         | 1 |  1.6
Summonings     | 1 |  1.6
Necromancy     | 1 |  1.6
Translocations | 1 |  1.6
Transmutations | 1 |  1.6
Fire Magic     | 1 |  1.6
Air Magic      | 1 |  1.6
Earth Magic    | 1 |  1.6
Poison Magic   | 1 |  1.6
Invocations    | 1 2 |  2.2
Evocations     | 1 2 |  2.0
Dodging        | 5 |  5.0
Stealth        | |  4.6
Ice Magic      | |  5.7

Action                   |  1- 3 |  4- 6 || total
-------------------------+-------+-------++-------
Melee: Dagger            |     9 |    15 ||    24
 Cast: Freeze            |    17 |    47 ||    64
       Ozocubu's Armour  |       |     1 ||     1
  Use: Potion            |       |     1 ||     1
 Stab: Distracted        |     1 |       ||     1
       Sleeping          |     5 |     3 ||     8
Armor: Robe              |       |    12 ||    12
Dodge: Dodged            |     4 |    42 ||    46

Table legend:
 A = Turns spent in this place as a percentage of turns spent in the entire game.
 B = Non-inter-level travel turns spent in this place as a percentage of non-inter-level travel turns spent in the entire game.
 C = Inter-level travel turns spent in this place as a percentage of turns spent in this place.
 D = Turns resting spent in this place as a percentage of non-inter-level travel turns spent in this place.
 E = Turns spent auto-exploring this place as a percentage of non-inter-level travel turns spent in this place.
 F = Non-inter-level travel turns spent in this place divided by the number of levels of this place that you've seen.
                   A       B       C       D       E      F
               +-------+-------+-------+-------+-------+----------------------
         Total | 100.0 | 100.0 |   0.0 |   0.0 |   0.0 | 223.0
       Dungeon | 100.0 | 100.0 |   0.0 |   0.0 |   0.0 | 223.0
               +-------+-------+-------+-------+-------+----------------------

Table legend:
 A = Kills in this place as a percentage of kills in entire the game.
 B = Kills by you in this place as a percentage of kills by you in the entire game.
 C = Kills by friends in this place as a percentage of kills by friends in the entire game.
 D = Other kills in this place as a percentage of other kills in the entire game.
 E = Experience gained in this place as a percentage of experience gained in the entire game.
 F = Experience gained in this place divided by the number of levels of this place that you have seen.
                   A       B       C       D       E      F
               +-------+-------+-------+-------+-------+----------------------
         Total | 100.0 | 100.0 |   N/A |   N/A | 100.0 | 130.0
       Dungeon | 100.0 | 100.0 |   N/A |   N/A | 100.0 | 130.0
               +-------+-------+-------+-------+-------+----------------------

Vault maps used:
D:1:      saegor_arrival_simple_a, interstate_on_off
D:2:      chequers_temple_overflow_statue_of_worship,
          chequers_ecumenical_altar_grove, led_sif_pool,
          uniq_crazy_yiuf_cottage, uniq_sigmund
D:3:      cheibrodos_sewer_entry_bend, led_xom_imps
D:4:      first_ration
